 Dungeon Crawl Stone Soup version 0.31-a0-164-g2312942fda (webtiles) character file.

Game seed: 16812272666463411465

104283 qw the Severer (level 16, -6/108 HPs)
             Began as a Gargoyle Fighter on June 13, 2023.
             Was an Elder of Okawaru.
             Killed from afar by a shock serpent (10 damage)
             ... with a bolt of electricity
             ... on level 2 of the Snake Pit.
             The game lasted 00:13:07 (23817 turns).

qw the Severer (Gargoyle Fighter)                  Turns: 23817, Time: 00:13:08

Health: -6/108     AC: 42    Str: 35    XL:     16   Next: 38%
Magic:  26/32      EV: 13    Int: 15    God:    Okawaru [****..]
Gold:   126        SH: 13    Dex: 15    Spells: 15/15 levels left

rFire   + . .        n - +5 war axe (spect)
rCold   + + +        u - +0 buckler of Iqoyqid {rC++ Dex+6}
rNeg    + . .        f - +0 plate armour
rPois   inf          s - +0 helmet
rElec   +            h - +0 cloak
rCorr   .            D - +2 pair of gloves {Str+3}
SInv    .            B - +2 pair of boots {Fly}
Will    ++...        a - amulet of the Ban {Reflect rF+ SH+5} Stlth
                     l - ring "Xaogout" {rC+ MP+9 Int+4 Slay+3}
HPRegen 0.38/turn    r - +6 ring of strength
MPRegen 0.23/turn

%: reflection
@: about to teleport, heroic, finesse-ful, flying
A: sickness immunity, AC +12, big wings, negative energy resistance 1,
electricity resistance, torment resistance 1, petrification resistance,
strong-willed 1, subdued magic 1
a: Renounce Religion, Heroism, Finesse


You were on level 2 of the Snake Pit.
You worshipped Okawaru.
Okawaru was greatly pleased with you.
You visited 4 branches of the dungeon, and saw 24 of its levels.
You visited 1 bazaar.

You collected 2175 gold pieces.
You spent 2049 gold pieces at shops.


Innate Abilities, Weirdness & Mutations

You are immune to sickness and miasma.
Your stone body is resilient. (AC +12)
You are immune to poison.
Your large and strong wings let you fly.
You resist negative energy. (rN+)
You are resistant to electric shocks. (rElec)
You are resistant to unholy torment.
You are immune to petrification.
You are strong-willed. (Will+)
Your spells are a little easier to cast, but a little less powerful.


   Skills:
 - Level 15.0(20.0) Fighting
 - Level 16.0(21.0) Axes
 - Level 6.1(11.1) Throwing
 - Level 14.0(19.0) Armour
 + Level 5.1(10.1) Dodging
 - Level 9.0(14.0) Shields
 - Level 10.1 Invocations


You had 15 spell levels left.
You didn't know any spells.
Your spell library was empty.

Inventory:

Hand Weapons
 e - the +10 hand axe "Yheuk" {heavy, rElec rF++ rC+ Int+2}
   (You found it on level 13 of the Dungeon)

   Int:       It affects your intelligence (+2).
   rF:        It greatly protects you from fire.
   rC:        It protects you from cold.
   rElec:     It insulates you from electricity.
 n - a +5 spectral war axe (weapon)
 E - the +11 morningstar "Bapok" {elec, rF+}
   (You bought it in a shop in a bazaar)

   rF:        It protects you from fire.
Missiles
 q - 8 boomerangs (quivered)
 x - a javelin
Armour
 f - a +0 plate armour (worn)
 h - a +0 cloak (worn)
 s - a +0 helmet (worn)
 t - the +1 cloak of Jazyqo {-Tele rPois Regen+}
   (You found it on level 3 of the Lair of Beasts)

   rPois:     It protects you from poison.
   -Tele:     It prevents most forms of teleportation.
   Regen:     It increases your rate of health regeneration.
 u - the +0 buckler of Iqoyqid (worn) {rC++ Dex+6}
   (Okawaru gifted it to you on level 1 of the Snake Pit)

   Dex:       It affects your dexterity (+6).
   rC:        It greatly protects you from cold.
 y - +0 fire dragon scales
 B - a +2 pair of boots of flying (worn)
 D - a +2 pair of gloves of strength (worn)
Jewellery
 a - the amulet of the Ban (around neck) {Reflect rF+ SH+5}
   (You acquired it on level 1 of the Dungeon)

   [amulet of reflection]

   It reflects blocked missile attacks.
   rF:        It protects you from fire.
   SH:        It affects your SH (+5).
 j - a +4 ring of protection
 l - the ring "Xaogout" (left hand) {rC+ MP+9 Int+4 Slay+3}
   (You bought it in a shop on level 2 of the Orcish Mines)

   [ring of magical power]

   Int:       It affects your intelligence (+4).
   Slay:      It affects your accuracy & damage with ranged weapons and melee
   (+3).
   rC:        It protects you from cold.
   MP:        It affects your magic capacity (+9).
 r - a +6 ring of strength (right hand)
 w - the amulet of Jeitucs {Regen+ Dex+3}
   (You found it on level 12 of the Dungeon)

   [amulet of regeneration]

   Dex:       It affects your dexterity (+3).
   Regen:     It increases your rate of health regeneration.
 z - a ring of protection from fire
 A - a ring of protection from cold
 C - a ring of fire
Scrolls
 m - 13 scrolls of identify
 p - 8 scrolls of teleportation
 v - 2 scrolls of brand weapon
Potions
 b - 2 potions of resistance
 d - 5 potions of might
 g - 3 potions of heal wounds
 i - 5 potions of curing
 k - 3 potions of haste
 o - 4 potions of attraction

Dungeon Overview and Level Annotations

Branches:
Dungeon (15/15)            Temple (0/1) D:7            Lair (5/5) D:11
  Swamp (0/4) Lair:2        Snake (2/4) Lair:2        Slime (0/5) Lair:5
    Orc (2/2) D:11            Elf (0/3) Orc:2        Vaults (0/5) D:14
 Depths (0/4) D:15

Altars:
Ashenzari
Cheibriados
Dithmenos
Elyvilon
Fedhas
Hepliaklqana
Kikubaaqudgha
Makhleb
Okawaru
Qazlal
Ru
Sif Muna
Trog
Uskayaw
Yredelemnul
Zin
The Shining One

Shops:
D:7 [   Orc:2 [**=

Annotations:
D:4 1 runed translucent door, Crazy Yiuf
Lair:1 1 runed translucent door, qw's ghost, journeyman NaHu
Snake:1 6 transporters
Snake:2 Vashnia


Message History

The naga sharpshooter mumbles some strange words.
The naga sharpshooter magically shoots an arrow.
The arrow hits you but does no damage.
The naga sharpshooter spits poison at you.
You block splash of poison... and reflect it back!
The splash of poison hits the naga sharpshooter.
The shock serpent shoots out a bolt of lightning at you!
The bolt of electricity hits you! You resist.
The naga sharpshooter unwields a +0 short sword.
The naga sharpshooter wields a +0 longbow.
The naga sharpshooter shoots an arrow.
The arrow hits you but does no damage.
The naga sharpshooter shoots a bolt.
The bolt hits you but does no damage.
The naga sharpshooter shoots an arrow.
The arrow hits you.
The naga sharpshooter shoots an arrow.
You block the arrow with an invisible shield... and reflect it back!
The arrow hits the naga sharpshooter!!
Vashnia mumbles some strange words.
Vashnia blinks!
23817 ||| READING 9 scrolls of teleportation.
As you read the scroll of teleportation, it crumbles to dust.
You feel strangely unstable.
The naga sharpshooter shoots an arrow.
You block the arrow with an invisible shield... and reflect it back!
The arrow hits the naga sharpshooter!
The naga sharpshooter shoots an arrow.
You block the arrow with an invisible shield... and reflect it back!
The arrow barely misses the naga sharpshooter.
The naga sharpshooter unwields a +0 long sword.
The naga sharpshooter wields a +0 shortbow.
The naga sharpshooter shoots an arrow.
The arrow hits you!
The naga sharpshooter spits poison at you.
The splash of poison hits you but does no damage.
You resist.
The naga sharpshooter spits poison at you.
You block splash of poison... and reflect it back!
The splash of poison misses the naga sharpshooter.
The naga sharpshooter shoots an arrow.
The arrow hits you.
The naga sharpshooter shoots an arrow.
The arrow hits you.
The shock serpent shoots out a bolt of lightning at you!
The bolt of electricity hits you! You resist.
You die...

......##..#....
#..........##.
#..............
##......##....#
##......######
##..##..#########.
##. ##...#......N
## ###.....N...
#.@..!.N.#
.......$ยค.$.N.#
....S......N..N
N..............
......#.....###
.N....##.....#
...... #.>...#
...... ##....


You could see Vashnia, 7 naga sharpshooters and a shock serpent.

Vanquished Creatures
  Rupert (D:13)
  Kirke (D:12)
  A stone giant (D:15)
  An ettin (Orc:1)
  A fire dragon (D:14)
  Josephine (Orc:1)
  An ogre mage (D:14)
  6 hydras
  2 catoblepae
  5 two-headed ogres
  3 centaur warriors
  3 boulder beetles
  2 anacondas
  10 death yaks
  2 tengu warriors (D:14)
  2 naga warriors (Snake:1)
  3 naga sharpshooters (Snake:2)
  A shock serpent (Snake:1)
  3 orc high priests (Orc:2)
  2 sun demons (D:11)
  Nergalle (Orc:1)
  4 skeletal warriors (D:14)
  A skyshark (Lair:5)
  2 sixfirhies (D:11)
  2 sea snakes (Snake:1)
  2 deep elf pyromancers
  4 orc knights (Orc:2)
  An ugly thing (D:12)
  4 orc sorcerers (Orc:2)
  4 oklob plants (Lair:1)
  3 manticores
  4 cyclopes
  A will-o-the-wisp (Lair:2)
  3 rust devils (D:11)
  7 elephants (Lair:5)
  13 cane toads
  10 black mambas
  3 torpor snails
  2 gargoyles
  3 orange demons (D:11)
  2 unseen horrors
  A kobold demonologist (D:11)
  4 ice devils (D:11)
  3 rime drakes
  A freezing wraith (D:15)
  13 komodo dragons
  A red devil (D:11)
  7 trolls
  5 polar bears
  3 hellwings (D:11)
  5 hornets
  9 dream sheep
  21 blink frogs
  12 spriggans (Lair:5)
  2 shadows (D:12)
  Sigmund (D:4)
  11 slime creatures
  3 water elementals (D:15)
  2 ynoxinuls (D:11)
  48 yaks
  9 wraiths
  2 wyverns
  3 hogs (D:12)
  2 steam dragons
  12 vampire mosquitoes
  A neqoxec (D:11)
  A chaos spawn (D:11)
  3 wargs
  12 nagas
  3 acid dragons
  10 water moccasins
  7 ice beasts (D:11)
  23 orc warriors
  A sky beast (D:7)
  9 black bears
  3 ogres
  4 boggarts (Lair:5)
  8 centaurs
  34 wolves
  3 gnoll sergeants
  3 kobold brigands (D:11)
  6 bullfrogs
  5 scorpions
  7 wights
  4 howler monkeys
  13 electric eels
  3 quasits (D:11)
  6 jellies
  4 hounds
  20 orc priests
  A sleepcap (D:3)
  Natasha (thrice) (D:4)
  6 hell rats (Lair:2)
  4 iguanas
  23 orc wizards
  7 adders
  13 gnolls
  2 shadow imps
  3 white imps
  2 ufetubi
  2 worms
  4 dart slugs
  52 orcs
  7 endoplasms
  A giant cockroach (D:1)
  3 goblins (D:1)
  9 hobgoblins
  10 jackals
  A quokka (D:2)
  8 ball pythons
  4 bats (D:2)
  5 frilled lizards
  8 kobolds
  8 rats
686 creatures vanquished.

Vanquished Creatures (others)
  2 foxfires (Lair:2)
  3 spectral weapons
5 creatures vanquished.

Grand Total: 691 creatures vanquished

Notes
Turn   | Place    | Note
-------+----------+-------------------------------------------
     0 | D:1      | qw the Gargoyle Fighter began the quest for the Orb.
     0 | D:1      | Reached XP level 1. HP: 14/14 MP: 1/1
     0 | D:1      | 0 ||| qw: Version: 0.2-a-29-gc1b59c4
     0 | D:1      | 0 ||| qw: Game counter: 4450
     0 | D:1      | 0 ||| qw: Always use a shield: true
     0 | D:1      | 0 ||| qw: God list: Okawaru
     0 | D:1      | 0 ||| qw: Allow faded altars: false
     0 | D:1      | 0 ||| qw: Do Orc after D:15 true
     0 | D:1      | 0 ||| qw: Do second Lair branch before Depths: true
     0 | D:1      | 0 ||| qw: Lair rune preference: random
     0 | D:1      | 0 ||| qw: Plans: Normal, Zot:1-4, Slime:5, God:TSO, Crypt,
                  | Tomb, Abyss, Pan, Hells, Win
     0 | D:1      | 0 ||| PLANNING D:1-11
    26 | D:1      | Reached skill level 2 in Axes
   108 | D:1      | Reached XP level 2. HP: 19/19 MP: 2/2
   128 | D:1      | 128 ||| Stepping ~*~*~tactically~*~*~ (stealth).
   365 | D:1      | 365 ||| Stepping ~*~*~tactically~*~*~ (stealth).
   674 | D:1      | 674 ||| READING scroll labelled KASOF JULOTIOL.
   675 | D:1      | 675 ||| READING scroll labelled ARATTU XIAKE.
   676 | D:1      | 676 ||| READING scroll labelled LUG YDYIPOAHI.
   677 | D:1      | 677 ||| READING scroll labelled GOXTEY TYVURIR.
   678 | D:1      | 678 ||| READING scroll labelled RUAVERR DOTON.
   678 | D:1      | Identified a scroll of acquirement
   678 | D:1      | 678 ||| ACQUIRING amulet of the Ban {Reflect rF+ SH+5}
   678 | D:1      | Acquired the amulet of the Ban {Reflect rF+ SH+5}
   680 | D:1      | 680 ||| UPGRADING to amulet of the Ban {Reflect rF+ SH+5}.
   706 | D:2      | Reached skill level 3 in Axes
   721 | D:2      | Reached XP level 3. HP: 22/23 MP: 3/3
   803 | D:2      | Found a faded altar of an unknown god.
   842 | D:2      | 842 ||| Stepping ~*~*~tactically~*~*~ (stealth).
   944 | D:2      | 944 ||| FLEEEEING.
   946 | D:2      | 946 ||| STAIRDANCE
   968 | D:1      | 968 ||| DROPPING orb of energy.
   969 | D:1      | 969 ||| READING scroll labelled WANATZ CEFUS.
   973 | D:2      | 973 ||| Stepping ~*~*~tactically~*~*~ (hiding).
  1096 | D:2      | 1096 ||| Stepping ~*~*~tactically~*~*~ (hiding).
  1098 | D:2      | 1098 ||| Stepping ~*~*~tactically~*~*~ (hiding).
  1113 | D:2      | 1113 ||| Stepping ~*~*~tactically~*~*~ (hiding).
  1114 | D:2      | 1114 ||| Stepping ~*~*~tactically~*~*~ (hiding).
  1119 | D:2      | 1119 ||| Stepping ~*~*~tactically~*~*~ (hiding).
  1120 | D:2      | 1120 ||| Stepping ~*~*~tactically~*~*~ (hiding).
  1335 | D:2      | 1335 ||| Stepping ~*~*~tactically~*~*~ (hiding).
  1340 | D:2      | Reached XP level 4. HP: 28/28 MP: 4/4
  1340 | D:2      | 1340 ||| Stepping ~*~*~tactically~*~*~ (hiding).
  1428 | D:2      | Found a burning altar of Makhleb.
  1509 | D:2      | 1509 ||| DROPPING orb of light.
  1510 | D:2      | 1510 ||| DRINKING 3 coppery potions.
  1592 | D:3      | Reached skill level 4 in Axes
  1644 | D:3      | 1644 ||| Stepping ~*~*~tactically~*~*~ (stealth).
  1646 | D:3      | Reached XP level 5. HP: 32/32 MP: 5/5
  1659 | D:3      | Found a glowing golden altar of the Shining One.
  1701 | D:3      | Found a broken altar of Ashenzari.
  1761 | D:3      | Reached skill level 5 in Axes
  1766 | D:3      | 1766 ||| FLEEEEING.
  1767 | D:3      | 1767 ||| FLEEEEING.
  1768 | D:3      | 1768 ||| FLEEEEING.
  1769 | D:3      | 1769 ||| FLEEEEING.
  1770 | D:3      | 1770 ||| FLEEEEING.
  1771 | D:3      | 1771 ||| FLEEEEING.
  1772 | D:3      | 1772 ||| FLEEEEING.
  1773 | D:3      | 1773 ||| FLEEEEING.
  1774 | D:3      | 1774 ||| FLEEEEING.
  1775 | D:3      | 1775 ||| FLEEEEING.
  1776 | D:3      | 1776 ||| FLEEEEING.
  1777 | D:3      | 1777 ||| FLEEEEING.
  1799 | D:3      | 1799 ||| FLEEEEING.
  1800 | D:3      | 1800 ||| FLEEEEING.
  1801 | D:3      | 1801 ||| FLEEEEING.
  1802 | D:3      | 1802 ||| FLEEEEING.
  1803 | D:3      | 1803 ||| FLEEEEING.
  1804 | D:3      | 1804 ||| FLEEEEING.
  1805 | D:3      | 1805 ||| FLEEEEING.
  1806 | D:3      | 1806 ||| FLEEEEING.
  1807 | D:3      | 1807 ||| FLEEEEING.
  1834 | D:3      | Reached XP level 6. HP: 38/38 MP: 6/6
  2067 | D:3      | 2067 ||| UPGRADING to +0 pair of gloves.
  2072 | D:3      | 2072 ||| DROPPING amulet of guardian spirit.
  2073 | D:3      | 2073 ||| DRINKING 2 bubbling purple potions.
  2074 | D:3      | 2074 ||| DROPPING potion of enlightenment.
  2081 | D:4      | Noticed Natasha
  2084 | D:4      | Killed Natasha
  2085 | D:4      | Reached skill level 1 in Dodging
  2116 | D:4      | Noticed Natasha
  2209 | D:4      | 2209 ||| READING scroll labelled YSSAT XARUROA.
  2227 | D:4      | Noticed Sigmund
  2231 | D:4      | Killed Natasha
  2235 | D:4      | Killed Sigmund
  2236 | D:4      | Reached skill level 6 in Axes
  2236 | D:4      | Reached XP level 7. HP: 43/43 MP: 7/7
  2257 | D:4      | 2257 ||| STAIRDANCE
  2261 | D:4      | 2261 ||| STAIRDANCE
  2265 | D:4      | 2265 ||| STAIRDANCE
  2269 | D:4      | 2269 ||| STAIRDANCE
  2273 | D:4      | 2273 ||| STAIRDANCE
  2277 | D:4      | 2277 ||| STAIRDANCE
  2281 | D:4      | 2281 ||| STAIRDANCE
  2285 | D:4      | 2285 ||| STAIRDANCE
  2289 | D:4      | 2289 ||| STAIRDANCE
  2293 | D:4      | 2293 ||| STAIRDANCE
  2297 | D:4      | 2297 ||| STAIRDANCE
  2301 | D:4      | 2301 ||| STAIRDANCE
  2305 | D:4      | 2305 ||| STAIRDANCE
  2309 | D:4      | 2309 ||| STAIRDANCE
  2313 | D:4      | 2313 ||| STAIRDANCE
  2317 | D:4      | 2317 ||| STAIRDANCE
  2321 | D:4      | 2321 ||| STAIRDANCE
  2325 | D:4      | 2325 ||| STAIRDANCE
  2329 | D:4      | 2329 ||| STAIRDANCE
  2333 | D:4      | 2333 ||| STAIRDANCE
  2358 | D:4      | Noticed Natasha
  2359 | D:4      | 2359 ||| FLEEEEING.
  2503 | D:4      | Killed Natasha
  2635 | D:4      | Found a runed translucent door.
  2636 | D:4      | Noticed Crazy Yiuf
  2791 | D:4      | Found a basalt altar of Yredelemnul.
  2791 | D:4      | Found a hide-covered altar of Uskayaw.
  2809 | D:4      | 2809 ||| Stepping ~*~*~tactically~*~*~ (stealth).
  2810 | D:4      | 2810 ||| Stepping ~*~*~tactically~*~*~ (stealth).
  2817 | D:4      | 2817 ||| Stepping ~*~*~tactically~*~*~ (stealth).
  2818 | D:4      | 2818 ||| Stepping ~*~*~tactically~*~*~ (stealth).
  2846 | D:4      | 2846 ||| READING 2 scrolls labelled FAUZEQA RITYXZIJYE.
  2847 | D:4      | 2847 ||| DRINKING 2 fizzy emerald potions.
  2848 | D:4      | 2848 ||| FLEEEEING.
  2849 | D:4      | 2849 ||| FLEEEEING.
  2850 | D:4      | 2850 ||| FLEEEEING.
  2851 | D:4      | 2851 ||| FLEEEEING.
  2852 | D:4      | 2852 ||| FLEEEEING.
  2853 | D:4      | 2853 ||| FLEEEEING.
  2854 | D:4      | 2854 ||| FLEEEEING.
  2860 | D:4      | 2860 ||| DROPPING scroll of noise.
  2865 | D:3      | Found a bloodstained altar of Trog.
  3431 | D:4      | 3431 ||| READING 3 scrolls labelled CUPHIASMUF.
  3432 | D:4      | 3432 ||| DROPPING 2 scrolls of blinking.
  3452 | D:5      | Entered Level 5 of the Dungeon
  3469 | D:5      | Identified the +0 pair of gloves "Duewuis" {Will+ Stlth+}
  3508 | D:5      | 3508 ||| Stepping ~*~*~tactically~*~*~ (hiding).
  3509 | D:5      | 3509 ||| Stepping ~*~*~tactically~*~*~ (hiding).
  3564 | D:5      | 3564 ||| Stepping ~*~*~tactically~*~*~ (hiding).
  3566 | D:5      | 3566 ||| Stepping ~*~*~tactically~*~*~ (hiding).
  3573 | D:5      | Reached skill level 7 in Axes
  3622 | D:5      | 3622 ||| Stepping ~*~*~tactically~*~*~ (stealth).
  4226 | D:5      | 4226 ||| UPGRADING to +0 pair of gloves "Duewuis" {Will+
                  | Stlth+}.
  4236 | D:5      | 4236 ||| DROPPING +0 pair of gloves.
  4237 | D:5      | 4237 ||| UPGRADING to +0 chain mail.
  4247 | D:5      | 4247 ||| DROPPING +0 scale mail.
  4248 | D:5      | 4248 ||| DROPPING amulet of reflection.
  4249 | D:5      | 4249 ||| UPGRADING to ring of protection from fire.
  4250 | D:5      | 4250 ||| UPGRADING to +6 ring of strength.
  4251 | D:5      | 4251 ||| READING 3 scrolls of identify.
  4251 | D:5      | 4251 ||| IDENTIFYING sedimented yellow potion
  4252 | D:5      | 4252 ||| READING 2 scrolls of identify.
  4252 | D:5      | 4252 ||| IDENTIFYING murky green potion
  4253 | D:5      | 4253 ||| DROPPING potion of ambrosia.
  4274 | D:6      | Reached XP level 8. HP: 49/49 MP: 8/8
  4525 | D:6      | Reached skill level 8 in Axes
  4862 | D:6      | Found a stormy altar of Qazlal.
  4872 | D:6      | Found a snail-covered altar of Cheibriados.
  4903 | D:6      | Found a shadowy altar of Dithmenos.
  4917 | D:6      | Reached skill level 6 in Fighting
  5426 | D:6      | Found a hazy altar of Hepliaklqana.
  5516 | D:6      | Found a shimmering blue altar of Sif Muna.
  5670 | D:6      | 5670 ||| DROPPING amulet of magic regeneration.
  5671 | D:6      | 5671 ||| READING 2 scrolls of identify.
  5671 | D:6      | 5671 ||| IDENTIFYING purple potion
  5699 | D:7      | Found a flagged portal.
  5700 | D:7      | 5700 ||| Stepping ~*~*~tactically~*~*~ (hiding).
  5702 | D:7      | 5702 ||| Stepping ~*~*~tactically~*~*~ (hiding).
  5703 | D:7      | 5703 ||| Stepping ~*~*~tactically~*~*~ (stealth).
  5713 | D:7      | Reached skill level 9 in Axes
  5722 | D:7      | 5722 ||| DROPPING +0 whip.
  5747 | D:7      | Found an iron altar of Okawaru.
  5748 | D:7      | 5748 ||| PLANNING OKAWARU WORSHIP
  5748 | D:7      | 5748 ||| DROPPING +0 mace.
  5749 | D:7      | 5749 ||| READING scroll labelled CEXZEM WAVIAR.
  5750 | D:7      | 5750 ||| READING 2 scrolls of identify.
  5750 | D:7      | 5750 ||| IDENTIFYING inky potion
  5753 | D:7      | Became a worshipper of Warmaster Okawaru
  5753 | D:7      | 5753 ||| PLANNING D:1-11
  5803 | D:7      | 5803 ||| Stepping ~*~*~tactically~*~*~ (stealth).
  5875 | D:7      | 5875 ||| Stepping ~*~*~tactically~*~*~ (stealth).
  5881 | D:7      | Reached XP level 9. HP: 42/55 MP: 9/9
  6015 | D:7      | Found a staircase to the Ecumenical Temple.
  6038 | D:7      | Noticed a troll
  6045 | D:7      | Killed a troll
  6045 | D:7      | Reached * piety under Okawaru
  6226 | D:7      | 6226 ||| Stepping ~*~*~tactically~*~*~ (hiding).
  6233 | D:7      | Reached skill level 1 in Invocations
  6355 | D:7      | 6355 ||| FLEEEEING.
  6382 | D:7      | 6382 ||| Stepping ~*~*~tactically~*~*~ (hiding).
  6387 | D:7      | 6387 ||| INVOKING Heroism.
  6397 | D:7      | 6397 ||| READING scroll labelled SOWNAZ VEESE.
  6398 | D:7      | 6398 ||| Stepping randomly (disturbance).
  6450 | D:7      | Found Muissak's Antique Armour Shop.
  6460 | D:7      | 6460 ||| SHOPLISTING shiny plate armour (676 gold, have
                  | 380).
  6515 | D:7      | Reached skill level 3 in Invocations
  6516 | D:7      | 6516 ||| DROPPING +0 flail.
  6568 | D:7      | 6568 ||| UPGRADING to +0 plate armour.
  6578 | D:7      | 6578 ||| DROPPING +0 chain mail.
  6579 | D:7      | 6579 ||| READING scroll labelled ASUORH AKHLEMI.
  6630 | D:8      | 6630 ||| Stepping ~*~*~tactically~*~*~ (hiding).
  6738 | D:8      | Found an ancient bone altar of Kikubaaqudgha.
  6743 | D:8      | Identified the +5 falchion "Gerphiwne" {holy, rElec rN+
                  | Will+ Str-3}
  6784 | D:8      | 6784 ||| INVOKING Heroism.
  6847 | D:8      | 6847 ||| Stepping ~*~*~tactically~*~*~ (stealth).
  6853 | D:8      | 6853 ||| INVOKING Heroism.
  6951 | D:8      | 6951 ||| INVOKING Heroism.
  7073 | D:8      | Found a glowing silver altar of Zin.
  7082 | D:8      | 7082 ||| Stepping ~*~*~tactically~*~*~ (stealth).
  7453 | D:8      | 7453 ||| DROPPING ring of flight.
  7454 | D:8      | 7454 ||| READING scroll labelled HOWIENLUQUE.
  7455 | D:8      | 7455 ||| READING 2 scrolls of identify.
  7455 | D:8      | 7455 ||| IDENTIFYING bubbling yellow potion
  7546 | D:9      | 7546 ||| INVOKING Heroism.
  7582 | D:9      | Noticed a hornet
  7590 | D:9      | Killed a hornet
  7591 | D:9      | Reached skill level 10 in Axes
  7591 | D:9      | Reached XP level 10. HP: 63/63 MP: 13/13
  7730 | D:9      | 7730 ||| Stepping ~*~*~tactically~*~*~ (stealth).
  7732 | D:9      | 7732 ||| INVOKING Heroism.
  7744 | D:9      | Reached skill level 6 in Armour
  7751 | D:9      | 7751 ||| FLEEEEING.
  7752 | D:9      | 7752 ||| FLEEEEING.
  7753 | D:9      | 7753 ||| FLEEEEING.
  7754 | D:9      | 7754 ||| FLEEEEING.
  7755 | D:9      | 7755 ||| STAIRDANCE
  7787 | D:8      | 7787 ||| READING 4 scrolls of identify.
  7787 | D:8      | 7787 ||| IDENTIFYING green potion
  7788 | D:8      | 7788 ||| READING 3 scrolls of identify.
  7788 | D:8      | 7788 ||| IDENTIFYING pink potion
  7789 | D:8      | 7789 ||| DROPPING potion of brilliance.
  7911 | D:9      | 7911 ||| Stepping ~*~*~tactically~*~*~ (stealth).
  7913 | D:9      | 7913 ||| INVOKING Heroism.
  7937 | D:9      | 7937 ||| READING scroll of enchant weapon.
  7937 | D:9      | 7937 ||| ENCHANTING +0 spectral war axe.
  7952 | D:9      | 7952 ||| Stepping ~*~*~tactically~*~*~ (stealth).
  7953 | D:9      | 7953 ||| Stepping ~*~*~tactically~*~*~ (stealth).
  7960 | D:9      | 7960 ||| FLEEEEING.
  7970 | D:9      | 7970 ||| STAIRDANCE
  8018 | D:8      | 8018 ||| UPGRADING to +0 cloak.
  8026 | D:9      | 8026 ||| Stepping ~*~*~tactically~*~*~ (hiding).
  8178 | D:10     | Entered Level 10 of the Dungeon
  8220 | D:10     | Noticed a gargoyle
  8221 | D:10     | 8221 ||| Stepping ~*~*~tactically~*~*~ (hiding).
  8228 | D:10     | Killed a gargoyle
  8558 | D:10     | Found a sacrificial altar of Ru.
  8617 | D:10     | Found a white marble altar of Elyvilon.
  8619 | D:10     | 8619 ||| Stepping ~*~*~tactically~*~*~ (hiding).
  8628 | D:10     | 8628 ||| DROPPING +6 ring of intelligence.
  8636 | D:10     | 8636 ||| INVOKING Heroism.
  8816 | D:11     | 8816 ||| INVOKING Heroism.
  8820 | D:11     | Noticed a sixfirhy
  8820 | D:11     | Noticed a sixfirhy
  8828 | D:11     | Killed a sixfirhy
  8829 | D:11     | Killed a sixfirhy
  8829 | D:11     | Reached ** piety under Okawaru
  8830 | D:11     | Reached skill level 11 in Axes
  8845 | D:11     | Noticed an orange demon
  8846 | D:11     | 8846 ||| Stepping ~*~*~tactically~*~*~ (stealth).
  8854 | D:11     | Killed an orange demon
  8855 | D:11     | Reached skill level 9 in Fighting
  8855 | D:11     | Reached XP level 11. HP: 70/71 MP: 14/14
  8902 | D:11     | 8902 ||| INVOKING Heroism.
  8906 | D:11     | 8906 ||| Stepping ~*~*~tactically~*~*~ (hiding).
  8911 | D:11     | HP: 17/71 [orange demon (2)]
  8912 | D:11     | 8912 ||| READING 5 scrolls of teleportation.
  8913 | D:11     | 8913 ||| DRINKING 4 potions of heal wounds.
  9005 | D:11     | Noticed a sun demon
  9006 | D:11     | 9006 ||| Stepping ~*~*~tactically~*~*~ (stealth).
  9020 | D:11     | 9020 ||| Stepping ~*~*~tactically~*~*~ (stealth).
  9029 | D:11     | 9029 ||| INVOKING Heroism.
  9032 | D:11     | 9032 ||| Stepping ~*~*~tactically~*~*~ (stealth).
  9033 | D:11     | 9033 ||| Stepping ~*~*~tactically~*~*~ (stealth).
  9040 | D:11     | 9040 ||| Stepping ~*~*~tactically~*~*~ (stealth).
  9059 | D:11     | 9059 ||| INVOKING Heroism.
  9068 | D:11     | Killed a sun demon
  9070 | D:11     | Reached *** piety under Okawaru
  9110 | D:11     | Noticed a sun demon
  9115 | D:11     | Killed a sun demon
  9116 | D:11     | Reached skill level 12 in Axes
  9120 | D:11     | Reached **** piety under Okawaru
  9185 | D:11     | 9185 ||| Stepping ~*~*~tactically~*~*~ (stealth).
  9186 | D:11     | 9186 ||| Stepping ~*~*~tactically~*~*~ (stealth).
  9190 | D:11     | 9190 ||| Stepping ~*~*~tactically~*~*~ (water).
  9192 | D:11     | 9192 ||| Stepping ~*~*~tactically~*~*~ (water).
  9200 | D:11     | Found a staircase to the Lair.
  9227 | D:11     | 9227 ||| Stepping ~*~*~tactically~*~*~ (hiding).
  9228 | D:11     | 9228 ||| Stepping ~*~*~tactically~*~*~ (hiding).
  9270 | D:11     | 9270 ||| Stepping randomly (disturbance).
  9271 | D:11     | 9271 ||| Stepping randomly (disturbance).
  9315 | D:11     | 9315 ||| Stepping ~*~*~tactically~*~*~ (stealth).
  9332 | D:11     | Reached skill level 6 in Shields
  9451 | D:11     | 9451 ||| Stepping ~*~*~tactically~*~*~ (stealth).
  9452 | D:11     | 9452 ||| Stepping ~*~*~tactically~*~*~ (stealth).
  9467 | D:11     | 9467 ||| FLEEEEING.
  9468 | D:11     | 9468 ||| FLEEEEING.
  9476 | D:11     | 9476 ||| DRINKING potion of cancellation.
  9477 | D:11     | 9477 ||| INVOKING Heroism.
  9588 | D:11     | 9588 ||| Stepping ~*~*~tactically~*~*~ (stealth).
  9596 | D:11     | Reached skill level 6 in Invocations
  9641 | D:11     | Gained mutation: Armour fits poorly on your strangely
                  | shaped body. [a neqoxec]
  9642 | D:11     | Reached ***** piety under Okawaru
  9642 | D:11     | Gained mutation: You are robust. (+10% HP) [a neqoxec]
  9644 | D:11     | Lost mutation: You are robust. (+10% HP) [a neqoxec]
  9645 | D:11     | Gained mutation: You are vulnerable to cold. (rC-) [a
                  | neqoxec]
  9650 | D:11     | Reached XP level 12. HP: 69/77 MP: 16/16
  9674 | D:11     | 9674 ||| DRINKING potion of mutation.
  9674 | D:11     | Lost mutation: You are vulnerable to cold. (rC-) [potion of
                  | mutation]
  9674 | D:11     | Lost mutation: Armour fits poorly on your strangely shaped
                  | body. [potion of mutation]
  9674 | D:11     | Gained mutation: Your spells are a little easier to cast,
                  | but a little less powerful. [potion of mutation]
  9674 | D:11     | Gained mutation: You are strong-willed. (Will+) [potion of
                  | mutation]
  9901 | D:11     | 9901 ||| Stepping ~*~*~tactically~*~*~ (hiding).
  9976 | D:11     | 9976 ||| Stepping ~*~*~tactically~*~*~ (stealth).
  9977 | D:11     | 9977 ||| Stepping ~*~*~tactically~*~*~ (stealth).
  9978 | D:11     | 9978 ||| Stepping ~*~*~tactically~*~*~ (stealth).
 10047 | D:11     | Found a staircase to the Orcish Mines.
 10056 | D:11     | 10056 ||| INVOKING Heroism.
 10244 | D:11     | 10244 ||| PLANNING LAIR
 10244 | D:11     | 10244 ||| READING 4 scrolls of identify.
 10244 | D:11     | 10244 ||| IDENTIFYING smoky silvery potion
 10245 | D:11     | 10245 ||| DROPPING potion of degeneration.
 10287 | Lair:1   | Entered Level 1 of the Lair of Beasts
 10296 | Lair:1   | 10296 ||| FLEEEEING.
 10297 | Lair:1   | 10297 ||| FLEEEEING.
 10298 | Lair:1   | 10298 ||| FLEEEEING.
 10299 | Lair:1   | 10299 ||| FLEEEEING.
 10303 | Lair:1   | 10303 ||| FLEEEEING.
 10304 | Lair:1   | 10304 ||| STAIRDANCE
 10308 | Lair:1   | 10308 ||| STAIRDANCE
 10314 | Lair:1   | 10314 ||| STAIRDANCE
 10316 | D:11     | 10316 ||| INVOKING Heroism.
 10440 | Lair:1   | 10440 ||| INVOKING Heroism.
 10501 | Lair:1   | 10501 ||| Stepping ~*~*~tactically~*~*~ (stealth).
 10677 | Lair:1   | 10677 ||| Stepping ~*~*~tactically~*~*~ (stealth).
 10679 | Lair:1   | 10679 ||| Stepping ~*~*~tactically~*~*~ (stealth).
 10692 | Lair:1   | 10692 ||| FLEEEEING.
 10693 | Lair:1   | 10693 ||| FLEEEEING.
 10694 | Lair:1   | 10694 ||| FLEEEEING.
 10695 | Lair:1   | 10695 ||| FLEEEEING.
 10696 | Lair:1   | 10696 ||| FLEEEEING.
 10697 | Lair:1   | 10697 ||| FLEEEEING.
 10698 | Lair:1   | 10698 ||| FLEEEEING.
 10699 | Lair:1   | 10699 ||| FLEEEEING.
 10700 | Lair:1   | 10700 ||| FLEEEEING.
 10701 | Lair:1   | 10701 ||| FLEEEEING.
 10755 | Lair:1   | Found a runed translucent door.
 10760 | Lair:1   | Noticed qw's ghost (journeyman NaHu)
 10761 | Lair:1   | Identified the +4 trident "Kongek" {flame, rPois rCorr}
 10823 | Lair:1   | 10823 ||| INVOKING Heroism.
 10824 | Lair:1   | 10824 ||| INVOKING Finesse.
 10951 | Lair:1   | 10951 ||| INVOKING Heroism.
 10952 | Lair:1   | 10952 ||| INVOKING Finesse.
 10998 | Lair:1   | 10998 ||| INVOKING Heroism.
 11003 | Lair:1   | Reached skill level 13 in Axes
 11104 | Lair:1   | 11104 ||| INVOKING Heroism.
 11117 | Lair:1   | Reached skill level 9 in Invocations
 11120 | Lair:1   | Found the +12 glaive of Prune {freeze, Prune}
 11525 | Lair:2   | Found a staircase to the Snake Pit.
 11526 | Lair:2   | 11526 ||| Stepping ~*~*~tactically~*~*~ (stealth).
 11527 | Lair:2   | 11527 ||| Stepping ~*~*~tactically~*~*~ (stealth).
 11528 | Lair:2   | 11528 ||| Stepping ~*~*~tactically~*~*~ (stealth).
 11552 | Lair:2   | 11552 ||| Stepping ~*~*~tactically~*~*~ (stealth).
 11554 | Lair:2   | 11554 ||| Stepping ~*~*~tactically~*~*~ (stealth).
 11570 | Lair:2   | 11570 ||| INVOKING Heroism.
 11584 | Lair:2   | 11584 ||| Stepping ~*~*~tactically~*~*~ (stealth).
 11591 | Lair:2   | 11591 ||| Stepping ~*~*~tactically~*~*~ (stealth).
 11673 | Lair:2   | 11673 ||| Stepping ~*~*~tactically~*~*~ (stealth).
 11708 | Lair:2   | 11708 ||| Stepping ~*~*~tactically~*~*~ (stealth).
 11728 | Lair:2   | Reached skill level 9 in Armour
 11764 | Lair:2   | 11764 ||| Stepping ~*~*~tactically~*~*~ (water).
 11791 | Lair:2   | 11791 ||| Stepping ~*~*~tactically~*~*~ (hiding).
 11793 | Lair:2   | 11793 ||| Stepping ~*~*~tactically~*~*~ (hiding).
 11794 | Lair:2   | 11794 ||| INVOKING Heroism.
 11802 | Lair:2   | 11802 ||| Stepping ~*~*~tactically~*~*~ (stealth).
 11805 | Lair:2   | 11805 ||| Stepping ~*~*~tactically~*~*~ (stealth).
 11910 | Lair:2   | 11910 ||| Stepping ~*~*~tactically~*~*~ (stealth).
 11913 | Lair:2   | 11913 ||| Stepping ~*~*~tactically~*~*~ (stealth).
 11992 | Lair:2   | Noticed a death yak
 11992 | Lair:2   | Noticed a death yak
 11993 | Lair:2   | 11993 ||| INVOKING Heroism.
 11993 | Lair:2   | Noticed a death yak
 11995 | Lair:2   | Noticed a death yak
 12000 | Lair:2   | Killed a death yak
 12009 | Lair:2   | Killed a death yak
 12010 | Lair:2   | Reached XP level 13. HP: 68/82 MP: 20/20
 12010 | Lair:2   | 12010 ||| INVOKING Finesse.
 12036 | Lair:2   | 12036 ||| INVOKING Heroism.
 12150 | Lair:2   | Reached skill level 14 in Axes
 12155 | Lair:2   | Found a staircase to the Swamp.
 12164 | Lair:2   | Received a gift from Okawaru
 12261 | Lair:2   | 12261 ||| INVOKING Heroism.
 12262 | Lair:2   | 12262 ||| INVOKING Finesse.
 12439 | Lair:2   | 12439 ||| INVOKING Heroism.
 12531 | Lair:2   | 12531 ||| UPGRADING to +0 pair of boots.
 12536 | Lair:2   | 12536 ||| UPGRADING to +0 helmet.
 12541 | Lair:2   | 12541 ||| READING scroll labelled EBRUM TUOMINAZ.
 12611 | Lair:3   | 12611 ||| INVOKING Heroism.
 12722 | Lair:3   | 12722 ||| Stepping ~*~*~tactically~*~*~ (stealth).
 12723 | Lair:3   | 12723 ||| Stepping ~*~*~tactically~*~*~ (stealth).
 12750 | Lair:3   | Identified the +1 cloak of Jazyqo {-Tele rPois Regen+}
 12770 | Lair:3   | 12770 ||| Stepping ~*~*~tactically~*~*~ (stealth).
 12776 | Lair:3   | 12776 ||| Stepping ~*~*~tactically~*~*~ (stealth).
 12837 | Lair:3   | Received a gift from Okawaru
 12839 | Lair:3   | 12839 ||| INVOKING Heroism.
 12862 | Lair:3   | 12862 ||| INVOKING Heroism.
 12892 | Lair:3   | 12892 ||| Stepping ~*~*~tactically~*~*~ (stealth).
 13081 | Lair:3   | 13081 ||| INVOKING Heroism.
 13084 | Lair:3   | Reached skill level 3 in Throwing
 13559 | Lair:4   | 13559 ||| INVOKING Heroism.
 13620 | Lair:4   | Identified the +6 orcbow of Duna {flame, rF- rC+ Str+4
                  | Int+2 Dex-5}
 13650 | Lair:4   | 13650 ||| INVOKING Heroism.
 13662 | Lair:4   | 13662 ||| Stepping ~*~*~tactically~*~*~ (stealth).
 13670 | Lair:4   | Received a gift from Okawaru
 13719 | Lair:4   | 13719 ||| Stepping ~*~*~tactically~*~*~ (stealth).
 13721 | Lair:4   | 13721 ||| Stepping ~*~*~tactically~*~*~ (stealth).
 13784 | Lair:4   | 13784 ||| INVOKING Heroism.
 13816 | Lair:4   | 13816 ||| INVOKING Heroism.
 13818 | Lair:4   | 13818 ||| Stepping ~*~*~tactically~*~*~ (stealth).
 13909 | Lair:4   | 13909 ||| INVOKING Heroism.
 13927 | Lair:4   | 13927 ||| Stepping ~*~*~tactically~*~*~ (stealth).
 13928 | Lair:4   | 13928 ||| Stepping ~*~*~tactically~*~*~ (stealth).
 13930 | Lair:4   | 13930 ||| Stepping ~*~*~tactically~*~*~ (stealth).
 14110 | Lair:4   | 14110 ||| Stepping ~*~*~tactically~*~*~ (hiding).
 14122 | Lair:4   | Gained mutation: Your large and strong wings let you fly.
                  | [Gargoyle growth]
 14122 | Lair:4   | Reached XP level 14. HP: 86/90 MP: 21/21
 14152 | Lair:4   | Identified the +0 robe of Incorporation {rC+ Will+}
 14172 | Lair:4   | 14172 ||| INVOKING Heroism.
 14179 | Lair:4   | 14179 ||| SWAPPING to +4 flail of freezing.
 14182 | Lair:4   | 14182 ||| SWAPPING to +1 spectral war axe.
 14500 | Lair:4   | 14500 ||| READING scroll labelled XACACIA NELUI.
 14567 | Lair:5   | Entered Level 5 of the Lair of Beasts
 14568 | Lair:5   | 14568 ||| INVOKING Heroism.
 14585 | Lair:5   | 14585 ||| SWAPPING to +4 flail of freezing.
 14587 | Lair:5   | 14587 ||| STAIRDANCE
 14589 | Lair:4   | 14589 ||| INVOKING Heroism.
 14594 | Lair:4   | 14594 ||| SWAPPING to +1 spectral war axe.
 14691 | Lair:5   | 14691 ||| Stepping ~*~*~tactically~*~*~ (stealth).
 14710 | Lair:5   | Reached skill level 15 in Axes
 14768 | Lair:5   | 14768 ||| INVOKING Heroism.
 14787 | Lair:5   | 14787 ||| Stepping ~*~*~tactically~*~*~ (stealth).
 14789 | Lair:5   | 14789 ||| Stepping ~*~*~tactically~*~*~ (stealth).
 14840 | Lair:5   | 14840 ||| Stepping ~*~*~tactically~*~*~ (stealth).
 14861 | Lair:5   | Reached skill level 12 in Fighting
 14970 | Lair:4   | 14970 ||| INVOKING Heroism.
 14980 | Lair:4   | Reached skill level 3 in Dodging
 14991 | Lair:4   | 14991 ||| READING scroll of enchant weapon.
 14991 | Lair:4   | 14991 ||| ENCHANTING +1 spectral war axe.
 15155 | Lair:5   | 15155 ||| INVOKING Heroism.
 15156 | Lair:5   | 15156 ||| Stepping ~*~*~tactically~*~*~ (stealth).
 15157 | Lair:5   | 15157 ||| Stepping ~*~*~tactically~*~*~ (stealth).
 15159 | Lair:5   | 15159 ||| INVOKING Finesse.
 15253 | Lair:5   | 15253 ||| INVOKING Heroism.
 15276 | Lair:5   | 15276 ||| Stepping ~*~*~tactically~*~*~ (stealth).
 15424 | Lair:5   | Found a staircase to the Slime Pits.
 15536 | Lair:5   | 15536 ||| INVOKING Heroism.
 15545 | Lair:5   | 15545 ||| Stepping ~*~*~tactically~*~*~ (stealth).
 15568 | Lair:5   | 15568 ||| Stepping ~*~*~tactically~*~*~ (stealth).
 15616 | Lair:5   | 15616 ||| INVOKING Heroism.
 15617 | Lair:5   | 15617 ||| INVOKING Finesse.
 15685 | Lair:5   | 15685 ||| Stepping ~*~*~tactically~*~*~ (hiding).
 15689 | Lair:5   | 15689 ||| INVOKING Heroism.
 15697 | Lair:5   | Reached skill level 16 in Axes
 15753 | Lair:5   | 15753 ||| INVOKING Heroism.
 15910 | Lair:5   | 15910 ||| INVOKING Heroism.
 15951 | Lair:5   | 15951 ||| Stepping ~*~*~tactically~*~*~ (hiding).
 15958 | Lair:5   | 15958 ||| INVOKING Heroism.
 16277 | Lair:5   | 16277 ||| Stepping ~*~*~tactically~*~*~ (stealth).
 16308 | Lair:5   | 16308 ||| READING scroll of enchant weapon.
 16308 | Lair:5   | 16308 ||| ENCHANTING +2 spectral war axe.
 16482 | Lair:5   | 16482 ||| INVOKING Heroism.
 16483 | Lair:5   | 16483 ||| Stepping ~*~*~tactically~*~*~ (hiding).
 16485 | Lair:5   | 16485 ||| Stepping ~*~*~tactically~*~*~ (stealth).
 16514 | Lair:5   | Reached skill level 12 in Armour
 16527 | Lair:5   | 16527 ||| INVOKING Finesse.
 16723 | Lair:5   | 16723 ||| PLANNING D
 16723 | Lair:5   | 16723 ||| READING scroll labelled NAQYTA ZAOFAE.
 16972 | D:12     | 16972 ||| Stepping ~*~*~tactically~*~*~ (hiding).
 16973 | D:12     | 16973 ||| Stepping ~*~*~tactically~*~*~ (hiding).
 16986 | D:12     | 16986 ||| Stepping ~*~*~tactically~*~*~ (stealth).
 17032 | D:12     | Noticed Kirke
 17033 | D:12     | 17033 ||| INVOKING Heroism.
 17034 | D:12     | Noticed a sphinx
 17035 | D:12     | 17035 ||| Stepping ~*~*~tactically~*~*~ (hiding).
 17037 | D:12     | 17037 ||| Stepping ~*~*~tactically~*~*~ (hiding).
 17044 | D:12     | Killed Kirke
 17044 | D:12     | Received a gift from Okawaru
 17079 | D:12     | 17079 ||| Stepping ~*~*~tactically~*~*~ (stealth).
 17080 | D:12     | 17080 ||| Stepping ~*~*~tactically~*~*~ (stealth).
 17082 | D:12     | 17082 ||| Stepping ~*~*~tactically~*~*~ (stealth).
 17129 | D:12     | Identified the amulet of Jeitucs {Regen+ Dex+3}
 17134 | D:12     | 17134 ||| Stepping ~*~*~tactically~*~*~ (hiding).
 17279 | D:12     | 17279 ||| Stepping ~*~*~tactically~*~*~ (hiding).
 17280 | D:12     | 17280 ||| Stepping ~*~*~tactically~*~*~ (hiding).
 17288 | D:12     | Reached XP level 15. HP: 97/97 MP: 22/22
 17450 | D:12     | 17450 ||| FLEEEEING.
 17451 | D:12     | 17451 ||| FLEEEEING.
 17452 | D:12     | 17452 ||| FLEEEEING.
 17453 | D:12     | 17453 ||| FLEEEEING.
 17454 | D:12     | 17454 ||| FLEEEEING.
 17456 | D:12     | 17456 ||| FLEEEEING.
 17457 | D:12     | 17457 ||| FLEEEEING.
 18053 | D:13     | Identified the +10 hand axe "Yheuk" {heavy, rElec rF++ rC+
                  | Int+2}
 18173 | D:13     | 18173 ||| Stepping ~*~*~tactically~*~*~ (hiding).
 18174 | D:13     | 18174 ||| Stepping ~*~*~tactically~*~*~ (hiding).
 18385 | D:13     | 18385 ||| Stepping ~*~*~tactically~*~*~ (hiding).
 18386 | D:13     | 18386 ||| Stepping ~*~*~tactically~*~*~ (hiding).
 18387 | D:13     | 18387 ||| Stepping ~*~*~tactically~*~*~ (hiding).
 18389 | D:13     | 18389 ||| Stepping ~*~*~tactically~*~*~ (hiding).
 18804 | D:13     | 18804 ||| READING scroll of enchant weapon.
 18804 | D:13     | 18804 ||| ENCHANTING +3 spectral war axe.
 18850 | D:13     | Noticed Rupert
 18851 | D:13     | 18851 ||| INVOKING Heroism.
 18852 | D:13     | 18852 ||| INVOKING Finesse.
 18858 | D:13     | Killed Rupert
 19212 | D:14     | 19212 ||| Stepping ~*~*~tactically~*~*~ (hiding).
 19218 | D:14     | 19218 ||| Stepping ~*~*~tactically~*~*~ (hiding).
 19223 | D:14     | 19223 ||| INVOKING Heroism.
 19258 | D:14     | 19258 ||| INVOKING Heroism.
 19372 | D:14     | 19372 ||| INVOKING Heroism.
 19453 | D:14     | Received a gift from Okawaru
 19454 | D:14     | Reached skill level 9 in Shields
 19467 | D:14     | 19467 ||| READING scroll of enchant weapon.
 19467 | D:14     | 19467 ||| ENCHANTING +4 spectral war axe.
 19487 | D:14     | 19487 ||| Stepping ~*~*~tactically~*~*~ (hiding).
 19489 | D:14     | 19489 ||| Stepping ~*~*~tactically~*~*~ (hiding).
 19491 | D:14     | 19491 ||| Stepping ~*~*~tactically~*~*~ (hiding).
 19492 | D:14     | 19492 ||| Stepping ~*~*~tactically~*~*~ (hiding).
 19500 | D:14     | 19500 ||| INVOKING Heroism.
 19600 | D:14     | 19600 ||| Stepping ~*~*~tactically~*~*~ (hiding).
 19604 | D:14     | 19604 ||| INVOKING Heroism.
 19684 | D:14     | Found a blossoming altar of Fedhas.
 19698 | D:14     | 19698 ||| Stepping ~*~*~tactically~*~*~ (stealth).
 19702 | D:14     | 19702 ||| Stepping ~*~*~tactically~*~*~ (hiding).
 19706 | D:14     | 19706 ||| INVOKING Heroism.
 19764 | D:14     | 19764 ||| INVOKING Heroism.
 19919 | D:14     | Found a gate to the Vaults.
 20239 | D:14     | 20239 ||| UPGRADING to ring of see invisible.
 20255 | D:15     | Entered Level 15 of the Dungeon
 20319 | D:15     | 20319 ||| INVOKING Heroism.
 20320 | D:15     | 20320 ||| INVOKING Finesse.
 20324 | D:15     | 20324 ||| SWAPPING to +4 flail of freezing.
 20330 | D:15     | 20330 ||| SWAPPING to +5 spectral war axe.
 20393 | D:15     | Found a staircase to the Depths.
 20395 | D:15     | 20395 ||| INVOKING Heroism.
 20470 | D:15     | 20470 ||| Stepping ~*~*~tactically~*~*~ (stealth).
 20532 | D:15     | 20532 ||| INVOKING Heroism.
 20534 | D:15     | 20534 ||| SWAPPING to +4 flail of freezing.
 20545 | D:15     | 20545 ||| SWAPPING to +5 spectral war axe.
 20651 | D:15     | Found a glowing silver altar of Zin.
 20665 | D:15     | 20665 ||| INVOKING Heroism.
 20670 | D:15     | 20670 ||| SWAPPING to +4 flail of freezing.
 20672 | D:15     | 20672 ||| SWAPPING to +5 spectral war axe.
 20728 | D:15     | 20728 ||| Stepping ~*~*~tactically~*~*~ (hiding).
 20737 | D:15     | Received a gift from Okawaru
 20886 | D:15     | 20886 ||| PLANNING ORC
 20988 | Orc:1    | Entered Level 1 of the Orcish Mines
 21010 | Orc:1    | 21010 ||| Stepping ~*~*~tactically~*~*~ (stealth).
 21123 | Orc:2    | Entered Level 2 of the Orcish Mines
 21124 | Orc:2    | 21124 ||| PLANNING BAZAAR
 21214 | Orc:2    | 21214 ||| Stepping ~*~*~tactically~*~*~ (hiding).
 21277 | Orc:2    | Found a staircase to the Elven Halls.
 21410 | Orc:2    | 21410 ||| Stepping ~*~*~tactically~*~*~ (stealth).
 21492 | Orc:2    | Found a flickering gateway to a bazaar.
 21497 | Orc:2    | 21497 ||| Stepping ~*~*~tactically~*~*~ (hiding).
 21532 | Bazaar   | Entered a bazaar
 21532 | Bazaar   | Found Kicopna's General Store.
 21536 | Bazaar   | 21536 ||| BUYING potion of attraction (36 gold).
 21536 | Bazaar   | Bought a potion of attraction for 36 gold pieces
 21536 | Bazaar   | 21536 ||| BUYING scroll of teleportation (36 gold).
 21536 | Bazaar   | Bought a scroll of teleportation for 36 gold pieces
 21539 | Bazaar   | Found Jepnock's Antique Armour Emporium.
 21540 | Bazaar   | Found Oraany's Magic Scroll Emporium.
 21548 | Bazaar   | 21548 ||| BUYING pair of glowing boots (187 gold).
 21548 | Bazaar   | Bought a pair of glowing boots for 187 gold pieces
 21548 | Bazaar   | 21548 ||| BUYING pair of pitted gloves (237 gold).
 21548 | Bazaar   | Bought a pair of pitted gloves for 237 gold pieces
 21548 | Bazaar   | Identified the +1 pair of gloves "Zianenou" {Harm Rampage
                  | Int+2} (You bought it in a shop in a bazaar)
 21548 | Bazaar   | 21548 ||| BUYING pair of runed gloves (187 gold).
 21548 | Bazaar   | Bought a pair of runed gloves for 187 gold pieces
 21556 | Bazaar   | 21556 ||| BUYING scroll of teleportation (33 gold).
 21556 | Bazaar   | Bought a scroll of teleportation for 33 gold pieces
 21570 | Bazaar   | Found Ihamat's Book Shoppe.
 21581 | Bazaar   | Found Haor's Antique Weapon Shoppe.
 21589 | Bazaar   | 21589 ||| BUYING pitted morningstar (306 gold).
 21589 | Bazaar   | Bought a pitted morningstar for 306 gold pieces
 21589 | Bazaar   | Identified the +11 morningstar "Bapok" {elec, rF+} (You
                  | bought it in a shop in a bazaar)
 21589 | Bazaar   | 21589 ||| DROPPING +4 flail of freezing.
 21593 | Bazaar   | 21593 ||| UPGRADING to +2 pair of boots of flying.
 21603 | Bazaar   | 21603 ||| DROPPING +0 pair of boots.
 21604 | Bazaar   | 21604 ||| DROPPING +1 pair of gloves "Zianenou" {Harm
                  | Rampage Int+2}.
 21605 | Bazaar   | 21605 ||| UPGRADING to +2 pair of gloves of strength.
 21615 | Bazaar   | 21615 ||| DROPPING +0 pair of gloves "Duewuis" {Will+
                  | Stlth+}.
 21627 | Orc:2    | 21627 ||| PLANNING ORC
 21660 | Orc:1    | Noticed Nergalle
 21665 | Orc:1    | 21665 ||| INVOKING Heroism.
 21666 | Orc:1    | 21666 ||| INVOKING Finesse.
 21672 | Orc:1    | Killed Nergalle
 21809 | Orc:1    | Noticed Josephine
 21814 | Orc:1    | Killed Josephine
 21815 | Orc:1    | Reached skill level 6 in Throwing
 21891 | Orc:1    | You are sucked into a shaft and drop 1 floor!
 22229 | Orc:2    | 22229 ||| Stepping ~*~*~tactically~*~*~ (hiding).
 22233 | Orc:2    | 22233 ||| INVOKING Heroism.
 22256 | Orc:2    | Reached XP level 16. HP: 69/106 MP: 23/23
 22256 | Orc:2    | Found Amoewops's Jewellery Boutique.
 22269 | Orc:2    | 22269 ||| INVOKING Heroism.
 22270 | Orc:2    | HP: 16/106 [orc high priest/divine providence (12)]
 22271 | Orc:2    | 22271 ||| READING 11 scrolls of teleportation.
 22272 | Orc:2    | 22272 ||| DRINKING 4 potions of heal wounds.
 22275 | Orc:2    | 22275 ||| DRINKING 3 potions of heal wounds.
 22275 | Orc:2    | Found Sidgh's Assorted Antiques.
 22275 | Orc:2    | Found Yshow's Assorted Antiques.
 22277 | Orc:2    | Found Etougam's Armour Emporium.
 22281 | Orc:2    | HP: 19/106 [orc warrior/+0 battleaxe (8)]
 22282 | Orc:2    | 22282 ||| READING 10 scrolls of teleportation.
 22283 | Orc:2    | 22283 ||| DRINKING 2 potions of heal wounds.
 22585 | Orc:2    | 22585 ||| INVOKING Heroism.
 22655 | Orc:2    | 22655 ||| BUYING +4 ring of protection (396 gold).
 22655 | Orc:2    | Bought a +4 ring of protection for 396 gold pieces
 22655 | Orc:2    | 22655 ||| BUYING ring "Xaogout" {rC+ MP+9 Int+4 Slay+3}
                  | (605 gold).
 22655 | Orc:2    | Bought the ring "Xaogout" {rC+ MP+9 Int+4 Slay+3} for 605
                  | gold pieces
 22655 | Orc:2    | 22655 ||| SHOPLISTING ring of Tomorrow {rC+ AC+4 Str+4
                  | Stlth-} (627 gold, have 39).
 22655 | Orc:2    | 22655 ||| SHOPLISTING ring of resist corrosion (220 gold,
                  | have 39).
 22655 | Orc:2    | 22655 ||| SHOPLISTING ring of the Demon Prince {rPois
                  | Str+6} (519 gold, have 39).
 22658 | Orc:2    | 22658 ||| SHOPLISTING 2 potions of attraction (192 gold,
                  | have 39).
 22658 | Orc:2    | 22658 ||| SHOPLISTING 2 scrolls labelled OLLIZUCL GECRA (64
                  | gold, have 39).
 22658 | Orc:2    | 22658 ||| SHOPLISTING pair of runed boots (240 gold, have
                  | 39).
 22658 | Orc:2    | 22658 ||| SHOPLISTING scroll of teleportation (96 gold,
                  | have 39).
 22668 | Orc:2    | 22668 ||| SHOPLISTING dented jasper amulet (130 gold, have
                  | 39).
 22668 | Orc:2    | 22668 ||| SHOPLISTING encrusted gold wand (104 gold, have
                  | 39).
 22668 | Orc:2    | 22668 ||| SHOPLISTING potion of cancellation (208 gold,
                  | have 39).
 22668 | Orc:2    | 22668 ||| BUYING scroll labelled NABU YQUHIEN (26 gold).
 22668 | Orc:2    | Bought a scroll labelled NABU YQUHIEN for 26 gold pieces
 22680 | Orc:2    | 22680 ||| PLANNING SNAKE:1-3
 22680 | Orc:2    | 22680 ||| UPGRADING to ring "Xaogout" {rC+ MP+9 Int+4
                  | Slay+3}.
 22721 | Orc:2    | 22721 ||| DROPPING ring of see invisible.
 22722 | Orc:2    | 22722 ||| READING scroll labelled NABU YQUHIEN.
 22847 | Snake:1  | Entered Level 1 of the Snake Pit
 22848 | Snake:1  | 22848 ||| Stepping ~*~*~tactically~*~*~ (hiding).
 22982 | Snake:1  | Identified the +0 buckler of Iqoyqid {rC++ Dex+6} (Okawaru
                  | gifted it to you on level 1 of the Snake Pit)
 22982 | Snake:1  | Received a gift from Okawaru
 23022 | Snake:1  | Found a transporter.
 23032 | Snake:1  | Found a transporter.
 23044 | Snake:1  | Found a transporter.
 23189 | Snake:1  | 23189 ||| Stepping ~*~*~tactically~*~*~ (hiding).
 23231 | Snake:1  | 23231 ||| Stepping ~*~*~tactically~*~*~ (stealth).
 23299 | Snake:1  | 23299 ||| Stepping ~*~*~tactically~*~*~ (hiding).
 23301 | Snake:1  | 23301 ||| Stepping ~*~*~tactically~*~*~ (hiding).
 23302 | Snake:1  | 23302 ||| Stepping ~*~*~tactically~*~*~ (hiding).
 23316 | Snake:1  | 23316 ||| INVOKING Heroism.
 23524 | Snake:1  | Reached skill level 15 in Fighting
 23573 | Snake:1  | Found a transporter.
 23574 | Snake:1  | Found a transporter.
 23579 | Snake:1  | Found a transporter.
 23658 | Snake:1  | 23658 ||| UPGRADING to +0 buckler of Iqoyqid {rC++ Dex+6}.
 23668 | Snake:1  | 23668 ||| DROPPING +0 buckler.
 23686 | Snake:2  | 23686 ||| Stepping ~*~*~tactically~*~*~ (hiding).
 23697 | Snake:2  | 23697 ||| Stepping ~*~*~tactically~*~*~ (hiding).
 23702 | Snake:2  | 23702 ||| INVOKING Heroism.
 23809 | Snake:2  | 23809 ||| INVOKING Heroism.
 23814 | Snake:2  | Noticed Vashnia
 23815 | Snake:2  | 23815 ||| INVOKING Finesse.
 23816 | Snake:2  | HP: 25/108 [naga sharpshooter/arrow[Vashnia] (5)]
 23817 | Snake:2  | 23817 ||| READING 9 scrolls of teleportation.
 23817 | Snake:2  | HP: 12/108 [naga sharpshooter/arrow (14)]
 23817 | Snake:2  | HP: 4/108 [naga sharpshooter/arrow[Vashnia] (5)]
 23817 | Snake:2  | Killed from afar by a shock serpent

Levels and vault maps discovered:
D:1:      erik_arrival_orb_chamber, layout_loops_cross,
          minmay_misc_feat_columns, wander_ebering_terrifying_dragon_lair
D:2:      layout_rooms, hellmonk_ecumenical_altar_dog_temple, basic_altar,
          lexackson_kobold_supper
D:3:      layout_rooms, mainiacjoe_overflow_paths, ashenzari_altar_1,
          nicolae_overflow_hidden_temple
D:4:      layout_layer_cave, chequers_temple_overflow_statue_of_worship,
          uniq_natasha, uniq_crazy_yiuf_cottage, uniq_sigmund
D:5:      layout_basic, roderic_lattice_a
D:6:      layout_layer_cave, lemuel_coloured_pillars_altar,
          worldfamousw_hep_ancestral_shrine, amcnicky_altar_gilded,
          grunt_temple_overflow_open, chequers_mini_garden
D:7:      layout_loops_cross, lemuel_doored_altar,
          minmay_temple_entry_nine_rooms, enter_bailey_6, serial_shops,
          nicolae_shop_overgrown_old_shop
D:8:      layout_loops_ring, mainiacjoe_overflow_small_starburst,
          kennysheep_mini
D:9:      layout_roguey
D:10:     layout_roguey, nicolae_ru_path_of_blood,
          mainiacjoe_overflow_concentric_impassable
D:11:     layout_stronghold, hellmonk_lair_entry_icy,
          kennysheep_orc_monster_closet_entryway, serial_demonic,
          serial_demonic_e, serial_demonic_e, serial_demonic_a,
          serial_demonic_c, serial_demonic_c, serial_demonic_g,
          serial_demonic_a, serial_demonic_a, serial_demonic_a, serial_demonic_g
D:12:     nicolae_BIG_FREAKIN_CUBE, layout_long_grid, uniq_kirke
D:13:     layout_stronghold, uniq_rupert
D:14:     layout_loops_ring, david_vaults_2, fedhas_altar_2
D:15:     grunt_enter_depths_giant_problem, layout_basic, zin_statuary
Lair:1:   minmay_lair_oklob_tunnel, layout_chaotic_city,
          ebering_ghost_funeral_grove
Lair:2:   beast_lair_carwin_large_3, layout_concentric_octagons,
          minmay_swamp_entry_wisps, serial_bayou_lake_a, lemuel_fruit_tree
Lair:3:   layout_long_grid, beast_lair_carwin_8, grunt_megastairs_4
Lair:4:   layout_roguey, st_stairs_6, kennysheep_catoblepas_arena
Lair:5:   minmay_lair_end_enchanted_forest, layout_layer_cave,
          dpeg_slime_entry_enclosed
Snake:1:  layout_misc_corridors, serial_bayou_ford_a,
          hangedman_snake_wide_pillar_pass, serial_nicolae_subway,
          nicolae_sub_station_stone, nicolae_sub_station_metal,
          nicolae_sub_station_crystal, serial_bayou_shore_a
Snake:2:  layout_onion, uniq_vashnia
Orc:1:    layout_diamond_mine, uniq_josephine, uniq_nergalle
Orc:2:    st_orc_elflike, layout_caves, serial_shops, bzr_entry_lakeside,
          mines1_david

Skill      XL: |  1  2  3  4  5  6  7  8  9 10 11 12 13 14 15 16 |
---------------+-------------------------------------------------+-----
Axes           | 2 3 4 5 6 7 9 10 11 12 13 14 16 | 16.0
Fighting       | 4 5 6 7 9 10 11 12 14 15 | 15.0
Dodging        | 1 2 3 5 |  5.1
Shields        | 4 5 6 7 8 9 |  9.0
Armour         | 5 7 8 9 11 12 13 14 | 14.0
Invocations    | 4 6 10 | 10.1
Throwing       | 2 3 6 |  6.1

Action                     |  1- 3 |  4- 6 |  7- 9 | 10-12 | 13-15 | 16-18 || total
---------------------------+-------+-------+-------+-------+-------+-------++-------
  Melee: War axe           |    88 |    58 |   175 |   381 |   857 |   142 ||  1701
         Flail             |       |       |       |       |    23 |       ||    23
  Throw: Boomerang         |       |       |       |   126 |   269 |     4 ||   399
         Javelin           |       |       |       |       |    33 |     6 ||    39
 Invoke: Heroism           |       |       |     5 |    18 |    41 |     5 ||    69
         Finesse           |       |       |       |     2 |     8 |     1 ||    11
    Use: Scroll            |     6 |     1 |    11 |     5 |     7 |     4 ||    34
         Potion            |       |     2 |     1 |     3 |       |     3 ||     9
   Stab: Distracted        |       |       |     2 |     3 |    14 |     2 ||    21
 Armour: Scale mail        |    32 |    15 |    20 |       |       |       ||    67
         Chain mail        |       |       |    32 |       |       |       ||    32
         Plate armour      |       |       |    11 |   151 |   319 |    56 ||   537
  Dodge: Dodged            |    31 |    16 |    35 |    76 |   169 |    27 ||   354
  Block: Buckler           |    22 |    17 |    61 |   143 |   268 |    57 ||   568
         Reflection        |     2 |       |     2 |     3 |     5 |    15 ||    27

Table legend:
 A = Non-vault XP
 B = Vault XP
 C = Vault XP percentage of total XP
 D = Non-vault monster count
 E = Vault monster count
 F = Vault count percentage of total count
                 A         B        C        D         E       F
            +---------+---------+-------+---------+---------+-------
      Total |  100595 |   48382 |  32.5 |     491 |     195 |  28.4
            +---------+---------+-------+---------+---------+-------
        D:1 |      28 |       1 |   3.4 |      19 |       1 |   5.0
        D:2 |      49 |      16 |  24.6 |      22 |      10 |  31.2
        D:3 |     226 |       0 |   0.0 |      21 |       0 |   0.0
        D:4 |     215 |     262 |  54.9 |      15 |       2 |  11.8
        D:5 |     373 |       0 |   0.0 |      15 |       0 |   0.0
        D:6 |     935 |       0 |   0.0 |      18 |       0 |   0.0
        D:7 |    1698 |       0 |   0.0 |      25 |       0 |   0.0
        D:8 |     431 |       0 |   0.0 |      13 |       0 |   0.0
        D:9 |    1528 |       0 |   0.0 |      17 |       0 |   0.0
       D:10 |     758 |       0 |   0.0 |      10 |       0 |   0.0
       D:11 |    2739 |   12190 |  81.7 |      13 |      55 |  80.9
       D:12 |    6485 |    1930 |  22.9 |      25 |       4 |  13.8
       D:13 |    4404 |    1807 |  29.1 |       9 |       1 |  10.0
       D:14 |   10488 |    2473 |  19.1 |      21 |       3 |  12.5
       D:15 |    7856 |    1053 |  11.8 |      21 |       1 |   4.5
     Lair:1 |    3304 |    2571 |  43.8 |      14 |       6 |  30.0
     Lair:2 |    8919 |    1659 |  15.7 |      38 |      12 |  24.0
     Lair:3 |    4083 |    4025 |  49.6 |      16 |      20 |  55.6
     Lair:4 |    9867 |    2180 |  18.1 |      33 |       5 |  13.2
     Lair:5 |   17574 |    7319 |  29.4 |      44 |      43 |  49.4
    Snake:1 |    7561 |       0 |   0.0 |      20 |       0 |   0.0
    Snake:2 |    5728 |       0 |   0.0 |      14 |       0 |   0.0
      Orc:1 |    3674 |    2703 |  42.4 |      15 |       7 |  31.8
      Orc:2 |    1672 |    8193 |  83.1 |      33 |      25 |  43.1
            +---------+---------+-------+---------+---------+-------
